Map: Acropolis LE

Players

Mez

  • Race: Terran Terran
  • League: Master
  • Spawn Location: 5:00

A.I. 1 (Very Easy) - Winner!

  • Race: Zerg Zerg
  • Spawn Location: 11:00

VOD

Have the link to the VOD?

Description

Time

  • Played on: Aug. 18, 2019, 4:40 p.m.
  • Length: 6:44
Show
View Real Time Build Order
Export as new Build Order

Mez Terran 

Build Orders: Liberator Opening, Reaper Expand 

Get SALT Encoding   

  12  0:01  SCV  
  13  0:13  SCV  
  14  0:17  Supply Depot  
  14  0:25  SCV  
  15  0:39  SCV  
  15  0:41  Barracks  
  16  0:46  Refinery  
  16  0:51  SCV  
  17  1:03  SCV  
  18  1:15  SCV  
  19  1:30  Reaper, Orbital Command  
  20  1:39  Command Center  
  20  1:48  Supply Depot  
  20  1:56  SCV  
  21  2:02  Marine  
  22  2:08  SCV  
  22  2:12  Factory  
  23  2:19  Refinery  
  23  2:20  SCV  
  24  2:24  Barracks Reactor  
  24  2:32  SCV  
  25  2:45  SCV  
  26  2:52  Orbital Command  
  26  2:59  Starport  
  26  3:06  SCV  
  26  3:09  Hellion x2  
  26  3:11  Barracks Tech Lab  
  31  3:18  SCV  
  31  3:19  SCV, Liberator  
  33  3:30  Hellion x2, SCV  
  33  3:31  SCV  
  39  3:34  Marine, Supply Depot  
  43  3:43  SCV x2  
  43  3:45  Stimpack  
  45  3:55  SCV  
  46  3:56  Hellion x2, SCV  
  46  4:02  Supply Depot  
  51  4:07  SCV  
  51  4:08  SCV  
  51  4:09  Marine  
  54  4:23  SCV x2  
  56  4:27  Barracks  
  56  4:30  Starport Reactor, Barracks, Factory Reactor  
  56  4:31  Marine  
  56  4:35  SCV x2  
  59  4:42  Command Center  
  59  4:46  Supply Depot  
  59  4:48  SCV x2  
  59  4:51  Marine  
  62  5:07  SCV x2  
  62  5:08  Marine  
  62  5:09  Medivac x2  
  62  5:13  Engineering Bay  
  69  5:14  Engineering Bay  
  69  5:18  Marine, Factory Tech Lab  
  70  5:22  Supply Depot  
  70  5:25  Supply Depot  
  70  5:28  Refinery  
  70  5:29  Marine x4  
  70  5:30  Refinery  
  70  5:33  SCV x2  
  76  5:36  Marine  
  77  5:44  Siege Tank  
  77  5:46  Marine x3  
  83  5:56  SCV x2, Orbital Command  
  85  5:58  Supply Depot  
  85  6:03  Marine x2  
  87  6:04  Marine  
  87  6:08  SCV x2  
  89  6:20  SCV x2, Marine x2  
  89  6:23  Supply Depot  
  96  6:27  Supply Depot  
  99  6:36  Barracks  
  99  6:37  Barracks  
Show
View Real Time Build Order
Export as new Build Order

A.I. 1 (Very Easy) Zerg - Winner!

Build Orders: Pool Only 

Get SALT Encoding   

  12  0:00  Drone  
  13  0:12  Overlord  
  13  0:16  Drone  
  14  0:34  Spawning Pool  
  13  0:37  Drone  
  13  0:40  Extractor  
  13  0:44  Drone  
  14  0:52  Overlord  
  14  1:21  Zergling x2  
  14  1:22  Queen  
  17  1:30  Roach Warren  
  16  1:33  Drone  
  16  1:37  Extractor  
  16  1:41  Drone  
  16  1:42  Zergling x2  
  18  1:54  Drone  
  19  2:03  Zergling x2  
  19  2:05  Drone  
  21  2:16  Drone  
  22  2:27  Drone  
  22  2:29  Overlord  
  23  2:34  Drone  
  24  2:41  Drone  
  25  6:01  Roach  
  25  6:02  Overlord, Drone  
  28  6:09  Drone  
  29  6:16  Drone  
  28  6:23  Drone  
  28  6:30  Drone  
Tags
 
Add a new tag
Caveats
  • Supply blocks, unpowered buildings, or Contaminate may cause inaccurate times.
  • Supply counts are checked every 10 seconds.